 Dungeon Crawl Stone Soup version 0.31-a0-1447-g87ca8d402b (webtiles) character file.

Game seed: 18114822856499638938

1610 voltaire321 the Magician (level 8, -2/46 HPs)
             Began as a Deep Elf Earth Elementalist on Dec 28, 2023.
             Was a Follower of Sif Muna.
             Slain by an iguana (9 damage)
             ... on level 6 of the Dungeon.
             The game lasted 00:15:23 (4998 turns).

voltaire321 the Magician (DEEE)                     Turns: 4998, Time: 00:15:24

Health: -2/46      AC: 13    Str:  7    XL:     8   Next: 63%
Magic:  8/18       EV: 14    Int: 21    God:    Sif Muna [*.....]
Gold:   320        SH:  0    Dex: 15    Spells: 7/18 levels left

rFire   . . .        k - +0 dagger
rCold   . . .        (no shield)
rNeg    . . .        B - +0 steam dragon scales
rPois   .            (no helmet)
rElec   .            A - +0 cloak
rCorr   .            p - +0 pair of gloves
SInv    .            v - +0 pair of boots
Will    .....        x - amulet of magic regeneration
Stlth   +++          f - +4 ring of protection
HPRegen 0.27/turn    l - ring of wizardry
MPRegen 0.56/turn

%: wizardry (x1)
@: no status effects
A: no striking features
a: Renounce Religion, Channel Magic


You were on level 6 of the Dungeon.
You worshipped Sif Muna.
Sif Muna was aware of your devotion.
You visited 2 branches of the dungeon, and saw 7 of its levels.

You collected 320 gold pieces.

Inventory:

Hand Weapons
 k - a +0 dagger (weapon)
Missiles
 c - a throwing net
Armour
 p - a +0 pair of gloves (worn)
 v - a +0 pair of boots (worn)
 A - a +0 cloak (worn)
 B - +0 steam dragon scales (worn)
Jewellery
 e - a ring of resist corrosion
 f - a +4 ring of protection (left hand)
 i - a ring of positive energy
 l - a ring of wizardry (right hand)
 x - an amulet of magic regeneration (around neck)
Wands
 y - a wand of roots (6)
Scrolls
 d - 2 scrolls of teleportation
 g - 2 scrolls of identify
 n - 3 scrolls of blinking {unknown}
 q - 2 scrolls of enchant weapon {unknown}
 r - a scroll of vulnerability {unknown}
 u - 3 scrolls of silence {unknown}
 w - a scroll of poison {unknown}
Potions
 b - a potion of magic
 h - 2 potions of cancellation
 j - 2 potions of curing
 m - a potion of might
 o - 2 potions of brilliance
 s - a potion of heal wounds
 t - a potion of lignification


   Skills:
 + Level 3.1 Fighting
 + Level 2.9 Armour
 + Level 5.0 Dodging
 + Level 5.4 Stealth
 + Level 5.7 Spellcasting
 + Level 3.5 Conjurations
 + Level 5.1 Earth Magic
 + Level 4.0 Alchemy
 + Level 2.5 Invocations


You had 7 spell levels left.
You knew the following spells:

 Your Spells              Type           Power      Damage    Failure   Level
a - Sandblast             Erth           54%        2d13      1%          1
b - Passwall              Erth           27%        N/A       1%          3
c - Stone Arrow           Conj/Erth      48%        3d10      1%          3
d - Petrify               Alch/Erth      25%        N/A       6%          4

Your spell library contained the following spells:

 Spells                   Type           Power      Damage    Failure   Level
 Brom's Barrelling Bould  Conj/Erth      24%        2d5       7%          4
 Gell's Gravitas          Tloc           6%         N/A       12%         3
 Inner Flame              Hex/Fire       6%         N/A       12%         3
 Teleport Other           Tloc           6%         N/A       12%         3
 Sticky Flame             Fire/Alch      14%        2d5       17%         4
 Flame Wave               Conj/Fire      13%        2d6       19%         4
 Dispersal                Tloc           3%         N/A       99%         6


Dungeon Overview and Level Annotations

Branches:
Dungeon (6/15)             Temple (1/1) D:4

Altars:
Ashenzari
Cheibriados
Dithmenos
Fedhas
Gozag
Hepliaklqana
Kikubaaqudgha
Makhleb
Nemelex Xobeh
Okawaru
Qazlal
Ru
Sif Muna
Trog
Wu Jian
Xom
Yredelemnul
Zin
The Shining One

Annotations:
D:2 Terence


Message History

Aiming: Sandblast (safe; 1% risk of failure)
Press: ? - help, Q - select action, (/) - cycle Shift-Dir - straight line, f - centaur, p - iguana
Aim: a centaur (90% to hit)
Okay, then.
Casting: Sandblast (safe; 1% risk of failure)
Confirm with . or Enter, or press ? or * to list all spells.
Aiming: Stone Arrow (dangerous; 2% risk of failure)
Press: ? - help, Shift-Dir - straight line, f - centaur, p - iguana
Aim: a centaur (83% to hit)
The stone arrow hits the centaur!
The centaur is heavily wounded.
The iguana bites you!
The centaur hits you but does no damage.
The centaur kicks you but does no damage.
Casting: Stone Arrow (dangerous; 2% risk of failure)
Confirm with . or Enter, or press ? or * to list all spells.
Aiming: Stone Arrow (dangerous; 2% risk of failure)
Press: ? - help, Shift-Dir - straight line, f/p - centaur
Aim: a centaur (heavily wounded, 83% to hit)
The stone arrow hits the centaur!!
You kill the centaur!
Sif Muna accepts your kill. The iguana bites you!
* * * LOW HITPOINT WARNING * * *
Your Dodging skill increases to level 5!
Casting: Stone Arrow (safe; 1% risk of failure)
Confirm with . or Enter, or press ? or * to list all spells.
Aiming: Stone Arrow (safe; 1% risk of failure)
Press: ? - help, Shift-Dir - straight line, f - iguana
Aim: an iguana (lightly wounded, 75% to hit)
The stone arrow misses the iguana.
The iguana misses you.
Casting: Stone Arrow (safe; 1% risk of failure)
Confirm with . or Enter, or press ? or * to list all spells.
Aiming: Stone Arrow (safe; 1% risk of failure)
Press: ? - help, Shift-Dir - straight line, f/p - iguana
Aim: an iguana (lightly wounded, 75% to hit)
The stone arrow hits the iguana!
The iguana is almost dead.
The iguana bites you!
You die...

# #.....#..... #.
#.....#...## .... ...#
##.........##....
.....#...†............
.....$.....$..........
...#....#...?.........
#.....#<............
#....##.........#
##..........l@..#
###..........)...#
####.#.........#
###.>..........
..............
....#..#.......
#...###.#....... #...
#.........


You could see an iguana.

Vanquished Creatures
  Maggie (D:6)
  2 ogres (D:5)
  A black bear (D:5)
  A centaur (D:6)
  A phantom (D:4)
  Blork the orc (D:5)
  3 bullfrogs
  A howler monkey (D:5)
  A crimson imp (D:4)
  A hound (D:4)
  4 orc priests
  Crazy Yiuf (D:5)
  Jessica (D:2)
  4 iguanas
  4 orc wizards
  6 adders
  3 gnolls (D:5)
  2 white imps
  3 worms
  3 dart slugs
  13 orcs
  4 endoplasms
  2 giant cockroaches (D:1)
  6 hobgoblins
  6 jackals
  3 quokkas
  6 ball pythons
  4 bats
  2 frilled lizards
  11 goblins
  3 kobolds
  2 rats (D:3)
106 creatures vanquished.

Notes
Turn   | Place    | Note
-------+----------+-------------------------------------------
     0 | D:1      | voltaire321 the Deep Elf Earth Elementalist began the quest
                  | for the Orb.
     0 | D:1      | Reached XP level 1. HP: 10/10 MP: 6/6
   184 | D:1      | Reached XP level 2. HP: 16/16 MP: 6/8
   572 | D:2      | Reached XP level 3. HP: 20/20 MP: 3/9
   576 | D:2      | Learned a level 3 spell: Passwall
   580 | D:2      | Learned a level 3 spell: Stone Arrow
   788 | D:2      | Noticed Jessica
   792 | D:2      | Killed Jessica
   793 | D:2      | Reached skill level 1 in Fighting
   936 | D:2      | Noticed Terence
  1346 | D:3      | Reached skill level 1 in Armour
  1346 | D:3      | Reached XP level 4. HP: 25/25 MP: 8/11
  1378 | D:3      | Found a hazy altar of Hepliaklqana.
  1616 | D:3      | Reached XP level 5. HP: 20/29 MP: 7/12
  1726 | D:3      | Reached skill level 1 in Conjurations
  2606 | D:4      | Found a staircase to the Ecumenical Temple.
  2619 | Temple   | Entered the Ecumenical Temple
  2684 | D:4      | Reached XP level 6. HP: 35/35 MP: 5/14
  2748 | D:4      | Learned a level 4 spell: Petrify
  2906 | D:4      | Found a shimmering blue altar of Sif Muna.
  3036 | D:4      | Found a sparkling altar of Nemelex Xobeh.
  3088 | D:4      | Became a worshipper of Sif Muna the Loreminder
  3622 | D:4      | Reached XP level 7. HP: 40/40 MP: 13/15
  3811 | D:5      | Entered Level 5 of the Dungeon
  3871 | D:5      | Reached skill level 1 in Invocations
  4199 | D:5      | Reached skill level 5 in Spellcasting
  4254 | D:5      | Found a glowing golden altar of the Shining One.
  4287 | D:5      | Noticed Blork the orc
  4297 | D:5      | Killed Blork the orc
  4446 | D:5      | Found a sacrificial altar of Ru.
  4563 | D:5      | Reached XP level 8. HP: 38/45 MP: 15/17
  4640 | D:5      | Reached skill level 5 in Stealth
  4713 | D:5      | Found a runed translucent door.
  4714 | D:5      | Noticed Crazy Yiuf
  4719 | D:5      | Killed Crazy Yiuf
  4820 | D:6      | Noticed Maggie
  4824 | D:6      | Killed Maggie
  4825 | D:6      | Reached skill level 5 in Earth Magic
  4982 | D:6      | Reached * piety under Sif Muna
  4997 | D:6      | Reached skill level 5 in Dodging
  4998 | D:6      | Slain by an iguana

Illustrated notes

Levels and vault maps discovered:
D:1:      minmay_arrival_glassed_features, layout_rooms, serial_glass,
          glass_columns_b, glass_columns_a, nicolae_the_louvre
D:2:      layout_loops_ring, grunt_ministairs_3, uniq_jessica, uniq_terence
D:3:      layout_basic, lemuel_tele_altar
D:4:      layout_basic, general_overflow_altar, nicolae_sif_muna_condensation,
          minmay_temple_entry_junction, minivault_27, amcnicky_mini_pool_small,
          minmay_fire_ice_demons
D:5:      layout_loops_ring, tso_altar, kennysheep_mini_moat, st_stairs_10,
          due_unseen_surprise, uniq_blork_the_orc, uniq_crazy_yiuf_cottage
D:6:      layout_cave_pools, uniq_maggie
Temple:   nicolae_temple_ecumenical_triangle

Skill      XL: |  1  2  3  4  5  6  7  8 |
---------------+-------------------------+-----
Fighting       | 1 2 3 |  3.1
Stealth        | 3 4 5 |  5.4
Armour         | 1 2 |  2.9
Dodging        | 3 4 5 |  5.0
Alchemy        | 2 3 4 |  4.0
Conjurations   | 1 2 3 |  3.5
Spellcasting   | 4 5 |  5.7
Earth Magic    | 4 5 |  5.1
Invocations    | 1 2 |  2.5

Action                     |  1- 3 |  4- 6 |  7- 9 || total
---------------------------+-------+-------+-------++-------
  Melee: Dagger            |     1 |    12 |     7 ||    20
         Punch             |       |     1 |       ||     1
   Cast: Sandblast         |    33 |   103 |    77 ||   213
         Passwall          |       |       |     2 ||     2
         Stone Arrow       |       |       |     6 ||     6
    Use: Scroll            |       |       |     8 ||     8
         Potion            |       |       |     1 ||     1
   Stab: Sleeping          |     1 |       |     1 ||     2
 Armour: Robe              |    11 |    45 |    30 ||    86
         Steam dragon scal |       |       |    19 ||    19
  Dodge: Dodged            |    10 |    39 |    39 ||    88

Table legend: (Time is in decaauts)
 A = Elapsed time spent in this place.
 B = Non-inter-level travel time spent in this place.
 C = Inter-level travel time spent in this place.
 D = Time resting spent in this place.
 E = Time spent auto-exploring this place.
 F = Levels seen in this place.
 G = Mean time per level.
                   A        B        C        D        E       F      G
               +--------+--------+--------+--------+--------+-----+--------+
         Total |   5101 |   4910 |    191 |    723 |   3000 |   7 |  728.7 |
       Dungeon |   5083 |   4892 |    191 |    723 |   3000 |   6 |  847.2 |
        Temple |     17 |     17 |      0 |      0 |      0 |   1 |   17.0 |
               +--------+--------+--------+--------+--------+-----+--------+

Top non-repeatable levels by time:
     D:4: 1357 daAuts
     D:3: 1152 daAuts
     D:5: 1071 daAuts
     D:2: 779 daAuts
     D:1: 572 daAuts
     D:6: 150 daAuts
  Temple: 17 daAuts
